 Dungeon Crawl Stone Soup version 0.28.0-53-g5a82cb258f (webtiles) character file.

Game seed: 8613521489209764136

12452 pkoi the Martial Artist (level 11, -10/86 HPs)
             Began as a Demigod Gladiator on May 25, 2022.
             Mangled by a death yak (22 damage)
             ... on level 9 of the Dungeon.
             The game lasted 00:28:07 (20302 turns).

pkoi the Martial Artist (Demigod Gladiator)        Turns: 20302, Time: 00:28:07

Health: -10/86     AC:  7    Str: 19    XL:     11   Next: 36%
Magic:  18/19      EV: 16    Int: 14    God:
Gold:   510        SH:  0    Dex: 22    Spells: 11/16 levels left

rFire   . . .      SeeInvis +   j - +3 dagger (venom)
rCold   . . .      Faith    .   (no shield)
rNeg    + . .      Spirit   .   s - +4 leather armour of Impressiveness {Dex+3}
rPois   .          Reflect  .   (helmet currently unavailable)
rElec   .          Harm     .   g - scarf {repulsion}
rCorr   .          Rampage  .   (no gloves)
Will    +....                   (boots currently unavailable)
Stlth   ++........              (no amulet)
HPRegen 0.24/turn               h - ring of see invisible
MPRegen 0.16/turn               r - ring of positive energy

@: appendages (expiring), wereblooded, studying Short Blades, repel missiles
A: horns 2, talons 2, high MP 1, forlorn, divine attributes
a: End Transformation


You were on level 9 of the Dungeon.
You had temporarily grown beastly horns and talons.
You visited 2 branches of the dungeon, and saw 11 of its levels.

You collected 540 gold pieces.
You spent 30 gold pieces at shops.

Inventory:

Hand Weapons
 b - a +6 hunting sling of freezing
 d - a +0 dagger
 f - a +0 short sword
 j - a +3 dagger of venom (weapon)
 B - a +2 whip of freezing
Missiles
 c - a throwing net (quivered)
 l - 10 boomerangs
 x - 97 sling bullets
 D - 18 poisoned darts
Armour
 a - a +0 leather armour
 g - a scarf of repulsion (worn)
 s - the +4 leather armour of Impressiveness (worn) {Dex+3}
   (You found it on level 5 of the Dungeon)

   Dex:       It affects your dexterity (+3).
 t - a +0 helmet (melded)
 y - a +8 plate armour of ponderousness
Jewellery
 h - a ring of see invisible (left hand)
 r - a ring of positive energy (right hand)
Wands
 p - a wand of flame (22)
 v - a wand of paralysis (24)
 w - a wand of iceblast (22)
Scrolls
 e - 7 scrolls of teleportation
 n - 3 scrolls of fog
 q - 2 scrolls of amnesia
 A - 3 scrolls of enchant weapon
 G - a scroll of blinking
 I - a scroll of magic mapping
Potions
 i - 3 potions of cancellation
 k - a potion of attraction
 m - 5 potions of curing
 o - 2 potions of heal wounds
 u - a potion of resistance
 z - 2 potions of ambrosia
 C - a potion of degeneration {unknown}
 E - a potion of magic
 F - a potion of might
 H - a potion of flight
 J - a potion of berserk rage
 K - a potion of invisibility {unknown}


   Skills:
 + Level 5.0 Fighting
 + Level 0.0 Short Blades
 - Level 1.7 Throwing
 + Level 4.9 Armour
 - Level 6.0 Dodging
 * Level 12.0 Unarmed Combat
 - Level 3.0 Spellcasting
 - Level 3.2 Transmutations
 + Level 2.8 Air Magic
 + Level 2.8 Poison Magic
 - Level 6.0 Evocations


You had 11 spell levels left.
You knew the following spells:

 Your Spells              Type           Power      Damage    Failure   Level
a - Poisonous Vapours     Pois/Air       20%        N/A       12%         2
b - Wereblood             Tmut           11%        N/A       10%         2
c - Beastly Appendage     Tmut           22%        N/A       6%          1

Your spell library contained the following spells:

 Spells                   Type           Power      Damage    Failure   Level
 Corpse Rot               Necr/Air       12%        N/A       21%         2
 Spider Form              Tmut/Pois      10%        N/A       22%         3


Dungeon Overview and Level Annotations

Branches:
Dungeon (10/15)            Temple (1/1) D:6            Lair (0/6) D:10
    Orc: D:9-12

Shops:
D:4 *(   D:5 *   D:7 [   D:9 [

Annotations:
D:3 Sigmund


Innate Abilities, Weirdness & Mutations

You have temporarily grown beastly horns and talons.
You have an increased reservoir of magic. (+10% MP)
You shall have no god before yourself.
Your divine heritage dramatically boosts your attributes as you level up.


Message History

Casting: Wereblood (safe; 10% risk of failure)
Confirm with . or Enter, or press ? or * to list all spells.
Your blood is infused with primal strength.
The killer bee misses you.
Your magical contamination has completely faded away.
You punch the death yak!
You claw the death yak, but do no damage.
You punch the death yak.
The death yak is lightly wounded.
You hit the death yak.
You claw the death yak, but do no damage.
The death yak is lightly wounded.
The death yak gores you!
You hit the death yak but do no damage.
You headbutt the death yak, but do no damage.
The death yak is lightly wounded.
The death yak gores you!
* * * LOW HITPOINT WARNING * * *
You completely miss the death yak. Your kick misses the death yak.
The death yak is lightly wounded.
The death yak gores you!!
* * * LOW HITPOINT WARNING * * *
There is a stone staircase leading up, spattered with blood here.
Your transformation is almost over.
The death yak gores you.
* * * LOW HITPOINT WARNING * * *
You climb upwards.
There is a stone staircase leading down, spattered with blood here.
Unknown command.
Unknown command.
Your +3 dagger of venom begins to drip with poison!
j - a +3 dagger of venom (weapon)
You puncture the death yak!
The death yak is poisoned.
You claw the death yak.
The death yak is moderately wounded.
The death yak gores you!!
* * * LOW HITPOINT WARNING * * *
You hit the death yak but do no damage.
The death yak is moderately wounded.
The death yak gores you!!
You die...

##### ##########
##############(...
#........###
#......##...)'....
#........'.#
#......#..####....
#........#.###........##
#....
#........#..##......###
#....
#........##.##......#
#.?..
#........##...@Y....#
#....
#........#####......#
###.... #...[[...#
#......# ##⌠.⌠...
#####'#### #......#
#..∩.... #..# #......#
#.⌠.⌠>.. ##.# #####.##
#....... ######'##
#####...# ########
#..[[...# #.....### #..
#.####### ##'######
####'#


You could see a death yak (very poisoned).

Vanquished Creatures
  3 two-headed ogres
  A centaur warrior (D:8)
  4 death yaks (D:9)
  Pikel (D:5)
  A cyclops (D:7)
  Joseph (D:7)
  A kobold demonologist (D:10)
  2 trolls (D:10)
  A vampire (D:7)
  5 yaks
  A wyvern (D:10)
  Menkaure (D:5)
  A steam dragon (D:7)
  An acid dragon (D:4)
  2 water moccasins
  2 black bears
  4 orc warriors
  2 sky beasts
  2 ogres
  3 centaurs
  2 lemures (D:5)
  2 kobold brigands
  4 bullfrogs
  2 gnoll sergeants (D:5)
  2 scorpions
  A wyvern skeleton (D:6)
  2 water moccasin zombies
  19 wights
  13 killer bees
  A gnoll shaman (D:5)
  8 orc priests
  4 hounds
  A jelly (D:6)
  Crazy Yiuf (D:3)
  A centaur skeleton (D:7)
  A bullfrog skeleton (D:6)
  Ijyb (D:5)
  4 iguanas
  6 orc wizards
  A hound skeleton (D:4)
  2 howler monkey zombies
  A gnoll (D:5)
  8 adders
  A shadow imp (D:5)
  2 white imps
  3 ufetubi
  2 worms (D:2)
  35 orcs
  5 endoplasms
  3 giant cockroaches
  9 goblins
  6 hobgoblins
  4 quokkas
  4 ball pythons
  6 bats
  10 frilled lizards
  9 kobolds
  3 rats
228 creatures vanquished.

Vanquished Creatures (collateral kills)
  3 killer bees (D:9)
3 creatures vanquished.

Grand Total: 231 creatures vanquished

Notes
Turn   | Place    | Note
-------+----------+-------------------------------------------
     0 | D:1      | pkoi the Demigod Gladiator began the quest for the Orb.
     0 | D:1      | Reached XP level 1. HP: 17/17 MP: 3/3
   138 | D:1      | Reached skill level 3 in Unarmed Combat
   537 | D:1      | Reached XP level 2. HP: 24/24 MP: 4/4
  1932 | D:2      | You fall into a shaft and drop 2 floors!
  2047 | D:4      | Reached skill level 4 in Unarmed Combat
  2047 | D:4      | Reached XP level 3. HP: 21/29 MP: 5/5
  2368 | D:3      | Found a runed translucent door.
  2369 | D:3      | Noticed Crazy Yiuf
  3353 | D:2      | Reached XP level 4. HP: 32/36 MP: 6/6
  3516 | D:3      | Noticed Sigmund
  3808 | D:4      | Reached skill level 5 in Unarmed Combat
  4313 | D:4      | Reached XP level 5. HP: 24/42 MP: 7/7
  4364 | D:4      | Noticed a two-headed ogre
  4730 | D:5      | Entered Level 5 of the Dungeon
  4853 | D:5      | Identified the +4 leather armour of Impressiveness {Dex+3}
  4870 | D:5      | Noticed a black bear
  4906 | D:5      | Killed a black bear
  4907 | D:5      | Reached skill level 1 in Armour
  4907 | D:5      | Reached XP level 6. HP: 45/51 MP: 8/8
  4960 | D:5      | Found Boligofer's General Store.
  5006 | D:5      | Noticed Menkaure
  5011 | D:5      | Noticed Pikel
  5012 | D:5      | Killed Menkaure
  5013 | D:5      | Reached skill level 6 in Unarmed Combat
  5361 | D:5      | Reached skill level 1 in Evocations
  5391 | D:5      | Reached XP level 7. HP: 18/57 MP: 9/9
  5697 | D:5      | Learned a level 1 spell: Beastly Appendage
  6056 | D:5      | Noticed Ijyb
  6524 | D:3      | Learned a level 2 spell: Wereblood
  6802 | D:4      | Found Kaupn's Weapon Shop.
  6802 | D:4      | Found Kiesm's General Store.
  6815 | D:4      | Bought a potion of curing for 30 gold pieces
  7821 | D:6      | Reached skill level 7 in Unarmed Combat
  8361 | D:6      | Found a staircase to the Ecumenical Temple.
  8370 | Temple   | Entered the Ecumenical Temple
  9335 | D:6      | Reached XP level 8. HP: 51/63 MP: 10/10
  9997 | D:7      | Reached skill level 8 in Unarmed Combat
 10415 | D:7      | Noticed Joseph
 10439 | D:7      | Killed Joseph
 10440 | D:7      | Reached skill level 5 in Dodging
 10844 | D:5      | Paralysed by Ijyb for 3 turns
 10854 | D:5      | Killed Ijyb
 10855 | D:5      | Reached XP level 9. HP: 64/69 MP: 11/11
 10920 | D:4      | Killed a two-headed ogre
 10921 | D:4      | Reached skill level 9 in Unarmed Combat
 11101 | D:3      | Killed Crazy Yiuf
 11458 | D:5      | Killed Pikel
 11474 | D:5      | Reached skill level 5 in Evocations
 11746 | D:7      | Noticed a cyclops
 11931 | D:7      | Killed a cyclops
 11932 | D:7      | Reached skill level 10 in Unarmed Combat
 12483 | D:7      | Reached XP level 10. HP: 67/77 MP: 13/13
 12603 | D:7      | Found Fiagem's Antique Armour Boutique.
 13529 | D:8      | Noticed a centaur warrior
 13541 | D:8      | Killed a centaur warrior
 13542 | D:8      | Reached skill level 1 in Spellcasting
 13542 | D:8      | Reached skill level 1 in Transmutations
 14003 | D:7      | Reached skill level 11 in Unarmed Combat
 14678 | D:8      | Learned a level 2 spell: Poisonous Vapours
 15658 | D:9      | Reached skill level 1 in Air Magic
 15669 | D:9      | Reached skill level 1 in Poison Magic
 16614 | D:9      | Found Heusa Onurch's Armour Boutique.
 17207 | D:10     | Entered Level 10 of the Dungeon
 17210 | D:10     | Noticed a death yak
 17211 | D:10     | Noticed a death yak
 17211 | D:10     | Noticed a death yak
 17212 | D:10     | Noticed a death yak
 17626 | D:10     | Noticed a two-headed ogre
 17645 | D:10     | Killed a two-headed ogre
 18019 | D:10     | Reached XP level 11. HP: 85/85 MP: 16/18
 18021 | D:10     | Noticed a two-headed ogre
 18247 | D:10     | Killed a two-headed ogre
 18893 | D:10     | Found a staircase to the Lair.
 18894 | D:10     | Noticed a death yak
 19395 | D:9      | Killed a death yak
 19530 | D:10     | Noticed a death yak
 19584 | D:9      | Killed a death yak
 19879 | D:9      | Killed a death yak
 20003 | D:9      | Killed a death yak
 20004 | D:9      | Reached skill level 5 in Fighting
 20004 | D:9      | Reached skill level 12 in Unarmed Combat
 20302 | D:9      | Mangled by a death yak

Illustrated notes

Levels and vault maps discovered:
D:1:      co_arrival_square_in_a_square_in_a_square, layout_basic,
          grunt_decor_cap, minmay_misc_feat_ornament,
          kennysheep_decorative_pillar
D:2:      layout_rooms, basic_altar, shapermc_ecumenical_altar_hornbeckon,
          columned_hall_lemuel, dk_noncrumbling_2
D:3:      layout_basic, uniq_crazy_yiuf_cottage, uniq_sigmund
D:4:      layout_rooms, nicolae_wooded_promenade, minmay_strange_pillars
D:5:      minmay_diamond_boxcup, layout_basic, serial_shops,
          nicolae_shop_waterfront, minmay_manual_mail, uniq_menkaure,
          uniq_pikel, uniq_ijyb
D:6:      layout_cave_pools, mainiacjoe_overflow_tiny_flanked,
          minmay_temple_entry_nine_rooms
D:7:      layout_basic, nemelex_dance_club_becter, serial_shops,
          nicolae_shop_hallway_stairs, uniq_joseph
D:8:      layout_basic
D:9:      layout_roguey, serial_shops, shop_fountains
D:10:     minmay_inner_zag, layout_loops_ring, dpeg_lair_monsters,
          hangedman_tell_no_tales
Temple:   mainiacjoe_temple_cubbyholes

Skill      XL: |  1  2  3  4  5  6  7  8  9 10 11 |
---------------+----------------------------------+-----
Unarmed Combat | 3 4 5 6 7 8 10 11 12 | 12.0
Fighting       | 2 3 4 5 |  5.0
Armour         | 1 2 3 4 |  4.9
Dodging        | 3 4 5 6 |  6.0
Evocations     | 1 2 3 5 6 |  6.0
Spellcasting   | 2 3 |  3.0
Transmutations | 3 |  3.2
Air Magic      | 1 2 |  2.8
Poison Magic   | 1 2 |  2.8
Throwing       | |  1.7

Action                   |  1- 3 |  4- 6 |  7- 9 | 10-12 || total
-------------------------+-------+-------+-------+-------++-------
Melee: Unarmed           |   132 |   117 |   427 |   310 ||   986
       Punch             |     2 |     6 |    30 |    40 ||    78
       Dagger            |    35 |       |       |    39 ||    74
       Kick              |       |       |       |    53 ||    53
       Headbutt          |       |       |       |    23 ||    23
 Fire: Hunting sling     |       |       |       |     5 ||     5
Throw: Throwing net      |     1 |     1 |       |       ||     2
 Cast: Beastly Appendage |       |       |       |    15 ||    15
       Wereblood         |       |       |       |    11 ||    11
       Poisonous Vapours |       |       |       |    10 ||    10
Evoke: Wand              |       |    10 |    13 |     2 ||    25
  Use: Scroll            |     6 |     3 |     3 |     8 ||    20
       Potion            |     1 |       |     1 |       ||     2
 Stab: Sleeping          |     4 |       |       |       ||     4
       Held in net/web   |       |     1 |       |       ||     1
       Paralysed         |       |       |    47 |     8 ||    55
       Distracted        |       |       |       |     1 ||     1
Armor: Leather armour    |    39 |    18 |    70 |    31 ||   158
       Plate armour      |       |       |   119 |    44 ||   163
Dodge: Dodged            |    96 |    70 |   196 |   241 ||   603
       Repelled          |       |       |     1 |     2 ||     3
